 Dungeon Crawl Stone Soup version 0.30-a0-860-g512cf1e979 (webtiles) character file.

Game seed: 8495186608860038955

5149 focal the Covert (level 10, 0/72 HPs)
             Began as an Octopode Brigand on Mar 8, 2023.
             Was a Follower of Okawaru.
             Succumbed to a killer bee's poison
             ... on level 9 of the Dungeon.
             The game lasted 00:31:37 (13318 turns).

focal the Covert (Octopode Brigand)                Turns: 13318, Time: 00:31:38

Health: 0/72       AC:  1    Str:  8 (10) XL:     10   Next: 59%
Magic:  12/12      EV: 30    Int: 12 (14) God:    Okawaru [*.....]
Gold:   568        SH:  0    Dex: 16 (18) Spells: 4/9 levels left

rFire   . . .      SeeInvis +    a - +2 dagger
rCold   . . .      Faith    .    (no shield)
rNeg    + . .      Spirit   .    (helmet restricted)
rPois   .          Reflect  .    n - amulet of the acrobat
rElec   .          Rampage  .    y - ring of positive energy
rCorr   .          Clarity  +    C - ring of see invisible
Will    +....                    (no ring)
Stlth   +++++                    (no ring)
HPRegen 0.32/turn                (no ring)
MPRegen 0.13/turn                (no ring)
                                 (no ring)
                                 (no ring)

@: brilliant, lethally poisoned (0 -> -1), about to teleport, acrobatic, hasted,
very quick
A: almost no armour, amphibious, 8 rings, camouflage 1, gelatinous body 1,
(nimble swimmer 1), tentacles, clarity, strong-willed 1, screaming 1, MP-powered
wands
a: Renounce Religion, Heroism


You were on level 9 of the Dungeon.
You worshipped Okawaru.
Okawaru was aware of your devotion.
You visited 2 branches of the dungeon, and saw 10 of its levels.

You collected 568 gold pieces.

Inventory:

Hand Weapons
 a - a +2 dagger (weapon)
 b - a +1 sling
 x - a +2 whip of freezing
Missiles
 f - 2 poisoned darts (quivered)
 l - 9 javelins
 s - a throwing net
 z - a boomerang of dispersal
Magical Staves
 d - a staff of air
Jewellery
 n - an amulet of the acrobat (around mantle)
 u - an amulet of reflection
 y - a ring of positive energy (left tentacle)
 C - a ring of see invisible (right tentacle)
Wands
 c - a wand of mindburst (14)
 D - a wand of flame (38)
Scrolls
 p - 4 scrolls of fog
 q - a scroll of magic mapping
 r - 2 scrolls of immolation
 t - 2 scrolls of poison
 v - 3 scrolls of teleportation
 w - a scroll of amnesia
Potions
 g - 4 potions of might
 i - 2 potions of flight
 k - 4 potions of attraction
 m - a potion of degeneration
 o - a potion of magic


   Skills:
 + Level 8.1 Fighting
 - Level 5.0 Short Blades
 - Level 9.0 Ranged Weapons
 - Level 2.0 Throwing
 - Level 5.0 Dodging
 - Level 10.0 Stealth
 - Level 3.0 Invocations
 - Level 2.0 Evocations


You had 4 spell levels left.
You knew the following spells:

 Your Spells              Type           Power      Damage    Failure   Level
a - Blade Hands           Tmut           0%         N/A       100%        5

Your spell library contained the following spells:

 Spells                   Type           Power      Damage    Failure   Level
 Necrotise                Necr           0%         1d4       32%         1
 Sublimation of Blood     Necr           0%         N/A       45%         2
 Inner Flame              Hex/Fire       0%         N/A       69%         3
 Ozocubu's Armour         Ice            0%         N/A       69%         3
 Portal Projectile        Hex/Tloc       0%         N/A       69%         3
 Vampiric Draining        Necr           0%         2d6       69%         3
 Flame Wave               Conj/Fire      0%         2d4       97%         4
 Petrify                  Tmut/Erth      0%         N/A       97%         4
 Sticky Flame             Conj/Fire      0%         2d3       97%         4
 Agony                    Necr           0%         N/A       100%        5
 Irradiate                Conj/Tmut      0%         3d11      100%        5
 Metabolic Englaciation   Hex/Ice        0%         N/A       100%        5
 Tukima's Dance           Hex            Unusable   N/A       N/A         3
 Simulacrum               Ice/Necr       Unusable   N/A       N/A         6

Dungeon Overview and Level Annotations

Branches:
Dungeon (9/15)             Temple (1/1) D:6
   Lair: D:8-11         Orc: D:9-12

Altars:
Ashenzari
Cheibriados
Dithmenos
Elyvilon
Fedhas
Gozag
Hepliaklqana
Kikubaaqudgha
Nemelex Xobeh
Okawaru
Sif Muna
Wu Jian
Xom
Yredelemnul
Zin
The Shining One

Shops:
D:6 (([

Annotations:
D:5 1 runed translucent door, Crazy Yiuf
D:7 3 runed translucent doors, SpyderV's ghost, novice FoFi


Innate Abilities, Weirdness & Mutations

You cannot wear most types of armour.
You are amphibious.
You can wear up to eight rings at the same time.
Your skin changes colour to match your surroundings (Stealth+).
Your rubbery body absorbs attacks. (AC +1, EV +1)
((You are camouflaged when in or above water. (Stealth+)))
You have tentacles for arms and can constrict up to eight enemies at once.
You possess an exceptional clarity of mind.
You are strong-willed. (Will+)
You occasionally shout uncontrollably at your foes.
You expend magic power (3 MP) to strengthen your wands.


Message History

You feel sick.
Things that are here:
2 poisoned darts; a killer bee corpse
* * * LOW HITPOINT WARNING * * *
You feel sick.
You see here a cyan potion.
It was a potion of brilliance.
You feel clever all of a sudden.
Okay, then.
As you read the scroll of teleportation, it crumbles to dust.
You feel strangely unstable.
* * * LOW HITPOINT WARNING * * *
You feel sick.
Really quaff the potion of mutation?
You feel extremely strange.
You feel stupid.
Your vision sharpens.
You feel the urge to shout.
You feel agile.
* * * LOW HITPOINT WARNING * * *
You feel sick.
Really quaff the potion of mutation?
You feel extremely strange.
You feel clumsy.
Your vision seems duller.
You feel your magical essence link to the dungeon's wands.
Your thoughts seem clearer.
You feel strong-willed.
Unknown command.
Unknown command.
Okay, then.
Okay, then.
Okay, then.
Unknown command.
Okay, then.
Okay, then.
Okay, then.
Okay, then.
Okay, then.
Hit: a) +2 dagger
Press: ? - help, Dir - move target, f - you
Okay, then.
Okay, then.
You die...

.........≈~~.'.........+.<.......
#######...####.........#.##...#.#
#...# ##...../.##.......(# ###.#
##.....######.##### #.# ##...##
#.# ##.########+## #.#
#.........# # #.# #..######.#.###
#.# #......(.@....#
#.#.#.##...(..#
#.###..##...(..... #.#
##.##......### #.# ##....#.#.# ##
##..>...# #.##.### #.# .#


There were no monsters in sight!

Vanquished Creatures
  Erica (D:8)
  A two-headed ogre (D:8)
  Pikel (D:5)
  Maggie (D:8)
  A troll (D:9)
  4 yaks
  A steam dragon (D:5)
  Edmund (D:5)
  A black bear (D:8)
  An orc warrior (D:7)
  An ogre (D:6)
  2 ice beasts
  2 centaurs
  2 bullfrogs
  3 scorpions
  10 wights
  3 killer bees (D:9)
  2 howler monkeys
  2 jellies
  An orc priest (D:7)
  2 gnoll boudas
  2 hounds
  4 orc wizards
  12 gnolls
  6 adders
  An ufetubus (D:5)
  A worm (D:2)
  6 dart slugs
  15 orcs
  5 endoplasms
  4 giant cockroaches
  5 goblins
  6 hobgoblins
  6 jackals
  9 kobolds
  3 quokkas
  6 ball pythons
  5 bats
  6 frilled lizards
  5 rats
150 creatures vanquished.

Notes
Turn   | Place    | Note
-------+----------+-------------------------------------------
     0 | D:1      | focal the Octopode Brigand began the quest for the Orb.
     0 | D:1      | Reached XP level 1. HP: 14/14 MP: 1/1
   200 | D:1      | Reached XP level 2. HP: 21/21 MP: 2/2
   352 | D:1      | Reached XP level 3. HP: 22/26 MP: 3/3
   807 | D:2      | Found a faded altar of an unknown god.
   939 | D:2      | Reached XP level 4. HP: 33/33 MP: 4/4
  1620 | D:3      | Reached skill level 5 in Fighting
  1781 | D:3      | Reached XP level 5. HP: 39/39 MP: 5/5
  1861 | D:3      | Reached skill level 1 in Ranged Weapons
  1954 | D:3      | Found a white marble altar of Elyvilon.
  2764 | D:4      | Reached XP level 6. HP: 39/45 MP: 6/6
  3140 | D:5      | Entered Level 5 of the Dungeon
  3152 | D:5      | Noticed a steam dragon
  3266 | D:5      | Noticed a yak
  3382 | D:5      | Noticed Pikel
  3394 | D:5      | Killed Pikel
  3395 | D:5      | Reached skill level 5 in Ranged Weapons
  3395 | D:5      | Reached skill level 8 in Stealth
  3395 | D:5      | Reached XP level 7. HP: 50/50 MP: 7/7
  3502 | D:5      | Noticed Edmund
  3502 | D:5      | Noticed a yak
  3591 | D:5      | Killed Edmund
  3592 | D:5      | Reached skill level 9 in Stealth
  3592 | D:5      | Reached XP level 8. HP: 24/55 MP: 8/8
  3797 | D:5      | Found an opulent altar of Gozag.
  3862 | D:5      | Learned a level 5 spell: Blade Hands
  3872 | D:5      | Reached skill level 10 in Stealth
  4116 | D:5      | Found a runed translucent door.
  4117 | D:5      | Noticed Crazy Yiuf
  4422 | D:5      | Reached skill level 1 in Evocations
  4499 | D:5      | Identified the +1 flail of the Final Decision {holy, rN+}
  5323 | D:5      | Found an opulent altar of Gozag.
  5443 | D:5      | Noticed a yak
  5486 | D:5      | Killed a yak
  5814 | D:5      | Found an opulent altar of Gozag.
  6344 | D:5      | Killed a yak
  6360 | D:5      | Killed a yak
  6361 | D:5      | Reached skill level 5 in Short Blades
  7082 | D:6      | Reached XP level 9. HP: 61/61 MP: 9/9
  7225 | D:6      | Found Bipy's Weapon Boutique.
  7319 | D:6      | Found Bis Igh's Weapon Shop.
  7600 | D:6      | Found Caiqur's Armour Emporium.
  7699 | D:6      | Found a staircase to the Ecumenical Temple.
  7708 | Temple   | Entered the Ecumenical Temple
  7843 | Temple   | Became a worshipper of Warmaster Okawaru
  8285 | D:7      | Found an ornate altar of the Wu Jian Council.
  8286 | D:7      | Found a sparkling altar of Nemelex Xobeh.
  8339 | D:7      | Found a runed translucent gate.
  8339 | D:7      | Found a runed translucent gate.
  8339 | D:7      | Found a runed translucent gate.
  8344 | D:7      | Noticed SpyderV's ghost (novice FoFi)
  8410 | D:7      | Reached skill level 1 in Invocations
  9395 | D:8      | Noticed Erica
  9427 | D:8      | Noticed a two-headed ogre
  9437 | D:8      | Killed a two-headed ogre
  9801 | D:7      | Found a runed translucent gate.
  9802 | D:7      | Found a runed translucent gate.
  9803 | D:7      | Found a runed translucent gate.
  9980 | D:7      | Found an ornate altar of the Wu Jian Council.
  9981 | D:7      | Found a sparkling altar of Nemelex Xobeh.
 10490 | D:8      | Noticed Maggie
 10541 | D:8      | HP: 1/61 [ice beast (11)]
 10543 | D:8      | Reached XP level 10. HP: 1/66 MP: 12/12
 11339 | D:8      | Reached skill level 5 in Dodging
 11350 | D:8      | Reached * piety under Okawaru
 11578 | D:8      | Killed Erica
 12008 | D:8      | Killed Maggie
 13308 | D:9      | Gained mutation: Your mind is acute. (Int +4, Str/Dex -1)
                  | [potion of mutation]
 13311 | D:9      | HP: 3/72 [poisoned by a killer bee]
 13315 | D:9      | HP: 1/72 [poisoned by a killer bee]
 13316 | D:9      | Lost mutation: Your mind is acute. (Int +4, Str/Dex -1)
                  | [potion of mutation]
 13316 | D:9      | Gained mutation: You have supernaturally acute eyesight.
                  | (SInv) [potion of mutation]
 13316 | D:9      | Gained mutation: You occasionally shout uncontrollably at
                  | your foes. [potion of mutation]
 13316 | D:9      | Gained mutation: You are agile. (Dex +4, Str/Int -1)
                  | [potion of mutation]
 13317 | D:9      | Lost mutation: You are agile. (Dex +4, Str/Int -1) [potion
                  | of mutation]
 13317 | D:9      | Lost mutation: You have supernaturally acute eyesight.
                  | (SInv) [potion of mutation]
 13317 | D:9      | Gained mutation: You expend magic power (3 MP) to
                  | strengthen your wands. [potion of mutation]
 13317 | D:9      | Gained mutation: You possess an exceptional clarity of
                  | mind. [potion of mutation]
 13317 | D:9      | Gained mutation: You are strong-willed. (Will+) [potion of
                  | mutation]
 13318 | D:9      | Succumbed to a killer bee's poison

Illustrated notes

Levels and vault maps discovered:
D:1:      dpeg_arrival_shrine, layout_rooms
D:2:      layout_basic, basic_ecumenical_altar
D:3:      layout_basic, amcnicky_altar_gilded, minmay_crystal_room
D:4:      layout_basic
D:5:      layout_basic, mainiacjoe_overflow_24_doors, uniq_crazy_yiuf_cottage,
          uniq_pikel, uniq_edmund
D:6:      layout_loops_cross, minmay_temple_entry_antechambers, serial_shops,
          nicolae_shop_bloodbath_and_beyond, nicolae_shop_waterfront,
          nicolae_shop_waterfront
D:7:      layout_gridville, minitemple, gammafunk_ghost_necromancy
D:8:      layout_basic, uniq_erica, uniq_maggie
D:9:      layout_loops_corners, grunt_lair_entry_orc_guard_hut, serial_rivers,
          chequers_serial_rivers_micro_a, chequers_serial_rivers_large_a,
          chequers_serial_rivers_small_a, chequers_serial_rivers_small_a,
          grunt_ogre_cave, uniq_joseph, uniq_grum
Temple:   hc_temple_tempest_star

Skill      XL: |  1  2  3  4  5  6  7  8  9 10 |
---------------+-------------------------------+-----
Fighting       | 3 4 5 8 |  8.1
Ranged Weapons | 3 5 6 9 |  9.0
Stealth        | 8 9 10 | 10.0
Evocations     | 2 |  2.0
Dodging        | 2 4 5 |  5.0
Short Blades   | 5 |  5.0
Invocations    | 3 |  3.0
Throwing       | |  2.0

Action                     |  1- 3 |  4- 6 |  7- 9 | 10-12 || total
---------------------------+-------+-------+-------+-------++-------
  Melee: Dagger            |    53 |   100 |    88 |    51 ||   292
         Constrict         |    13 |    24 |    11 |     6 ||    54
         Tentacles         |     5 |    19 |    23 |    14 ||    61
         Punch             |       |       |     2 |     1 ||     3
   Fire: Sling             |       |     7 |   147 |    67 ||   221
  Throw: Dart              |     2 |    23 |    23 |     8 ||    56
         Throwing net      |       |     1 |     5 |     2 ||     8
         Javelin           |       |       |       |     3 ||     3
 Invoke: Heroism           |       |       |       |     5 ||     5
  Evoke: Wand              |       |       |    19 |     6 ||    25
    Use: Scroll            |     4 |     6 |     3 |     2 ||    15
         Potion            |       |     2 |     4 |    12 ||    18
   Stab: Sleeping          |    12 |     8 |     6 |     1 ||    27
         Held in net/web   |       |     1 |     1 |       ||     2
         Invisible         |       |       |     1 |     2 ||     3
 Armour: Skin              |     4 |     3 |     3 |     2 ||    12
  Dodge: Dodged            |    25 |    38 |    51 |    68 ||   182
  Block: Other             |       |    11 |    20 |    12 ||    43
         Reflection        |       |       |     3 |     2 ||     5

Table legend: (Time is in decaauts)
 A = Elapsed time spent in this place.
 B = Non-inter-level travel time spent in this place.
 C = Inter-level travel time spent in this place.
 D = Time resting spent in this place.
 E = Time spent auto-exploring this place.
 F = Levels seen in this place.
 G = Mean time per level.
                   A        B        C        D        E       F      G
               +--------+--------+--------+--------+--------+-----+--------+
         Total |  13254 |  12688 |    566 |   4087 |   6540 |  10 | 1325.4 |
       Dungeon |  13103 |  12552 |    551 |   4087 |   6421 |   9 | 1455.9 |
        Temple |    151 |    136 |     15 |      0 |    119 |   1 |  151.0 |
               +--------+--------+--------+--------+--------+-----+--------+

Top non-repeatable levels by time:
     D:5: 3899 daAuts
     D:7: 2542 daAuts
     D:8: 2342 daAuts
     D:6: 1000 daAuts
     D:3: 907 daAuts
     D:4: 767 daAuts
     D:2: 742 daAuts
     D:1: 741 daAuts
     D:9: 159 daAuts
  Temple: 151 daAuts
